[Event "*** Titled Tuesday Blitz"]
[Site "Chess.com"]
[Date "2019.01.01"]
[Round "8"]
[White "StoreySniper"]
[Black "Supernotar"]
[Result "0-1"]
[WhiteElo "2336"]
[BlackElo "2459"]
[TimeControl "180+2"]
[EndTime "14:56:19 PST"]
[Termination "Supernotar won on time"]

1. g3 c5 2. Bg2 Nc6 3. c4 g6 4.
Nc3 Bg7 5. h4 h5 6. Nf3 e6 7. e3 Nge7 8. d4 cxd4 9. exd4 d5 10. cxd5 Nxd5 11. O-O O-O 12. Bg5 Qb6 13. Nxd5 exd5 14.
Be3 Qxb2 15. Ng5 Bf5 16. Bxd5 Rad8 17. Qf3 Nxd4 18. Bxd4 Bxd4 19. Rad1 Rd7 20. Qb3 Qxb3 21. Bxb3 Rfd8 22. Rxd4 Rxd4 23. Nxf7 Rf8 24. Nd6+ Kg7 25. Nxb7 Rd2 26. Nc5 Re8 27. Na4 Bh3 28. Rc1 Ree2 29. Rc7+ Kf6 30. Rf7+ Ke5 31. Nc3 Re1+ 32. Kh2 Be6 33.
Rf3 Bxb3 34. axb3 a5 35. Kg2 Kd4 36. Nb5+ Kc5 37. Nc7 Kb4 38. Na6+ Ka3 39. b4+ Ka4 40. bxa5 Kxa5 41. Nc5 Rd5 42. Nb3+ Kb4 43. Kh2 Rb1 0-1

[Event "*** Titled Tuesday Blitz"]
[Site "Chess.com"]
[Date "2019.01.01"]
[Round "8"]
[White "GMWSO"]
[Black "Peroncio"]
[Result "1-0"]
[WhiteElo "2972"]
[BlackElo "2646"]
[TimeControl "180+2"]
[EndTime "14:56:22 PST"]
[Termination "GMWSO won by resignation"]

1. e4 e5 2. Nf3 Nc6 3. Bc4 Bc5 4. d4 Nxd4 5. Be3 Qe7 6. Nc3 c6 7. Nxd4 exd4 8. Bxd4 Nf6 9. O-O O-O 10. e5 Ne8 11. Ne4 d6 12. exd6 Bxd6 13. Re1 Qh4 14. g3 Qh6 15. Nxd6 Qxd6 16. Bc3 b5 17. Bb3 a5 18. a4 b4 19. Be5 Qg6 20. Qd4 Bf5 21.
Qc5 Be4 22. Rad1 Qf5 23. Qd4 Bf3 24. Rd3 Bh5 25. f3 Bg6 26. Rde3 Kh8 27. g4 Qc8 28.
h4 f6 29. Bg3 c5 30. Qf4 c4 31. Qxc4 Qxc4 32. Bxc4 Bxc2 33. Bb5 Bg6 34. h5 Bf7 35.
Re7 Kg8 36. Rd1 Rc8 37. Rdd7 f5 38. g5 Bxh5 39. Be5 Bf7 40. f4 Rc1+ 41. Kf2 Rc8 42. Ke3 Ra8 43. Rxf7 Rxf7 44. Bc4 Nd6 45.
Bxd6 Re8+ 46. Kf3 1-0

[Event "*** Titled Tuesday Blitz"]
[Site "Chess.com"]
[Date "2019.01.01"]
[Round "8"]
[White "Kostya_Nikologorskiy"]
[Black "TBergh98"]
[Result "0-1"]
[WhiteElo "2370"]
[BlackElo "2294"]
[TimeControl "180+2"]
[EndTime "14:56:22 PST"]
[Termination "TBergh98 won by checkmate"]

1. d4 Nf6 2. c4 g6 3. Nc3 Bg7 4. e4 d6 5. Nf3 O-O 6. h3 e5 7. d5 a5 8. Bg5 h6 9. Be3 Na6 10. g4 Nh7 11. Rg1 b6 12. Qd2 g5 13.
h4 f6 14. O-O-O Bd7 15. hxg5 fxg5 16. Be2 Nf6 17. Nxg5 hxg5 18. Bxg5 Nc5 19. f3 Qe8 20. Rh1 Qg6 21. Bh6 Rf7 22. Bxg7 Rxg7 23. Rh6 Qg5 24. Qxg5 Rxg5 25. Rxf6 Kg7 26. f4 Kxf6 27. fxg5+ Kxg5 28. Rf1 Rh8 29. Kd2 Rh2 30. Ke3 Rh3+ 31. Bf3 Bxg4 32.
Nb5 Na6 33. Ke2 Rh2+ 34. Rf2 Bxf3+ 35. Kxf3 Rxf2+ 36. Kxf2 Kf4 37. Nc3 Nc5 38. Ke2 Nxe4 39. Nb5 Ng3+ 40. Kf2 e4 41. Nxc7 e3+ 42. Ke1 Ke4 43.
Ne6 Nf5 44. b3 Kf3 45. a3 e2 46. b4 axb4 47. axb4 Ke3 48. c5 Nh4 49. Nf4 Nf3# 0-1

[Event "*** Titled Tuesday Blitz"]
[Site "Chess.com"]
[Date "2019.01.01"]
[Round "8"]
[White "DanielNaroditsky"]
[Black "Peng_Li-Min"]
[Result "1/2-1/2"]
[WhiteElo "2917"]
[BlackElo "2693"]
[TimeControl "180+2"]
[EndTime "14:56:24 PST"]
[Termination "Game drawn - insufficient material"]

1. e4 Nc6 2. Nf3 d6 3. d4 Nf6 4.
Nc3 g6 5. Be2 Bg7 6. O-O O-O 7.
h3 e5 8. dxe5 dxe5 9. Be3 Be6 10.
Qc1 Nd4 11. Rd1 c5 12. Ng5 Qe7 13. Nxe6 Qxe6 14. Bf1 Rfd8 15. a4 c4 16. a5 Rac8 17. Ra4 b5 18. axb6 axb6 19. Ra6 Ra8 20. Rxa8 Rxa8 21.
Bxd4 exd4 22. Rxd4 Rc8 23. Qd2 Ne8 24. Rd8 Bxc3 25. bxc3 Rxd8 26. Qxd8 Qxe4 27. Qxb6 Qxc2 28. Qd8 Qe4 29. Bxc4 Kg7 30. Bf1 Nf6 31. c4 Qe5 32.
Qd3 Ne4 33. Qe3 f5 34. g3 Kf6 35. Bg2 Nc5 36. Qh6 Qe1+ 37. Kh2 Qxf2 38. Qf8+ Kg5 39. h4+ Kg4 40. Qd6 f4 41. gxf4 Qxf4+ 42. Qxf4+ Kxf4 43. Bd5 h5 44. Bf7 Kg4 45. Bxg6 Kxh4 46. Kg2 Kg4 47. Kf2 Kf4 48. Bxh5 Ke4 49. Ke2 Kd4 50. Bf7 Ne4 51. c5 Nxc5 52. Bd5 Kxd5 1/2-1/2

[Event "*** Titled Tuesday Blitz"]
[Site "Chess.com"]
[Date "2019.01.01"]
[Round "8"]
[White "DryCounty"]
[Black "G_Threepwood"]
[Result "0-1"]
[WhiteElo "2718"]
[BlackElo "2526"]
[TimeControl "180+2"]
[EndTime "14:56:30 PST"]
[Termination "G_Threepwood won by checkmate"]

1. Nf3 g6 2. e4 Bg7 3. d4 d6 4. c3 Nf6 5. Bd3 O-O 6. O-O Nc6 7. Na3 e5 8. Nc2 Re8 9. Re1 d5 10. exd5 Nxd5 11. Bg5 Bf6 12. Bxf6 Qxf6 13. Be4 Nf4 14. Bxc6 Qxc6 15. dxe5 Bg4 16. Ncd4 Qb6 17. Re4 Bxf3 18. Nxf3 Rad8 19. Qc2 Nd3 20. b3 f6 21. Rd1 Nxf2 22. Rxd8 Nxe4+ 23. Rd4 f5 24. Kh1 c5 25. Rd7 c4 26.
Rd4 cxb3 27. Qxb3+ Qxb3 28. axb3 Kf7 29. Kg1 Ke6 30.
Kf1 Nxc3 31. Rd6+ Ke7 32. Ng5 Ne4 33. Nxe4 fxe4 34. Ke2 Rc8 35. Ke3 Rc3+ 36. Kxe4 Rxb3 37. g4 Rb4+ 38. Kd5 Rb6 39. Rxb6 axb6 40. h4 h6 41. h5 g5 42. e6 b5 43. Ke5 b4 44. Kf5 b3 45. Kg6 b2 46. Kxh6 b1=Q 47. Kg7 Qb2+ 48. Kg8 Qf6 49. h6 Qg6+ 50. Kh8 Qxh6+ 51. Kg8 Qg6+ 52.
Kh8 Kf6 53. e7 Qg7# 0-1

[Event "*** Titled Tuesday Blitz"]
[Site "Chess.com"]
[Date "2019.01.01"]
[Round "8"]
[White "gemarin"]
[Black "salomez"]
[Result "1-0"]
[WhiteElo "2087"]
[BlackElo "2140"]
[TimeControl "180+2"]
[EndTime "14:56:30 PST"]
[Termination "gemarin won by resignation"]

1. d4 Nf6 2. c4 g6 3. Nc3 d5 4. Nf3 Bg7 5. Qb3 dxc4 6. Qxc4 O-O 7. e4 Bg4 8. Be2 Nfd7 9. e5 Nb6 10. Qb3 Nc6 11. Be3 Bxf3 12. Bxf3 Nxd4 13. Bxd4 Qxd4 14.
O-O Qxe5 15. Bxb7 Rab8 16. Rae1 Qf4 17. Ba6 e6 18. g3 Qf3 19. Re3 Qc6 20. Bb5 Qc5 21.
Ne4 Qe7 22. Qc2 Nd5 23. Rb3 Nb4 24. Qc4 Nd5 25. Rc1 Rfd8 26. Nc5 Bh6 27. Re1 Nb6 28.
Qc2 Rd2 29. Qc3 Nd5 30. Qc4 Rd8 31. Ne4 Nb6 32. Qc3 R2d4 33. Bf1 Bg7 34. Qa5 Rd1 35.
Rbe3 h5 36. b3 Rxe1 37. Rxe1 Bd4 38. h4 c5 39. Kg2 e5 40. Qa6 Qd7 41. Bb5 Qd5 42. f3 f5 43. Ng5 Bc3 44. Re2 Bd4 45. Qxa7 Nd7 46. Bc4 Qxc4 47. bxc4 1-0

[Event "*** Titled Tuesday Blitz"]
[Site "Chess.com"]
[Date "2019.01.01"]
[Round "8"]
[White "SanchezKelvin"]
[Black "Kirill_Klukin"]
[Result "0-1"]
[WhiteElo "2537"]
[BlackElo "2607"]
[TimeControl "180+2"]
[EndTime "14:56:33 PST"]
[Termination "Kirill_Klukin won by checkmate"]

1. Nf3 Nf6 2. d4 g6 3. c4 Bg7 4. Nc3 O-O 5. e4 d6 6. Be2 Na6 7. O-O e5 8. h3 exd4 9. Nxd4 Nc5 10. Bf3 Re8 11. Re1 c6 12. b4 Ne6 13. Be3 Nxd4 14. Bxd4 Be6 15. Qd3 Qc7 16. e5 dxe5 17. Bxe5 Rad8 18.
Qc2 Qb6 19. Rab1 Bf5 20. Qb3 Bxb1 21. Qxb1 Nd7 22. c5 Qa6 23. Bxg7 Kxg7 24. Rxe8 Rxe8 25. Ne4 Ne5 26. Qb2 f6 27. Be2 b5 28. Nd6 Re7 29. Bf1 Qa4 30. Qd2 Qa3 31. Nc8 Rd7 32.
Nd6 Re7 33. Nc8 Rd7 34. Nd6 Re7 35. Nc8 Rd7 36. Nd6 Re7 37. f4 Nc4 38. Bxc4 bxc4 39. Nxc4 Qa6 40. Na5 Qb5 41. Qd6 Re1+ 42. Kh2 Qf1 43.
f5 Qg1+ 44. Kg3 Re3+ 45. Kf4 Qf2+ 46. Kg4 Qxf5+ 47. Kh4 Qh5# 0-1

[Event "*** Titled Tuesday Blitz"]
[Site "Chess.com"]
[Date "2019.01.01"]
[Round "8"]
[White "wannabe2700"]
[Black "PlotnikovPavel"]
[Result "0-1"]
[WhiteElo "2544"]
[BlackElo "2393"]
[TimeControl "180+2"]
[EndTime "14:56:33 PST"]
[Termination "PlotnikovPavel won on time"]

1. d4 e6 2. e4 d5 3. Nc3 Nf6 4.
e5 Ng8 5. f4 c5 6. Nf3 Nc6 7.
Be3 Nge7 8. Bd3 cxd4 9. Nxd4 Nxd4 10. Bxd4 Nc6 11. Bf2 Qa5 12. O-O Bc5 13. Nb5 Bxf2+ 14.
Rxf2 O-O 15. c4 dxc4 16. Bxc4 a6 17. Nd6 b5 18. Bd3 Ne7 19. Qh5 g6 20. Qh6 Nf5 21. Bxf5 exf5 22. Rf3 f6 23. Rh3 Ra7 24. Rc1 Be6 25.
Rhc3 fxe5 26. fxe5 Qb6+ 27. Kh1 Qd4 28. Re1 b4 29. Rc2 f4 30. Qh4 Rg7 31. h3 g5 32.
Qf2 Qxf2 33. Rxf2 Re7 34. Ne4 h6 35. b3 Kg7 36. Rc1 Bd5 37. Nf6 Rxe5 38. Ng4 Re6 39. Rc5 Be4 40. Rc4 Rfe8 41. Rxb4 Kg6 42. Kh2 h5 0-1

[Event "*** Titled Tuesday Blitz"]
[Site "Chess.com"]
[Date "2019.01.01"]
[Round "8"]
[White "FelixBlohberger"]
[Black "florianschwabeneder"]
[Result "1-0"]
[WhiteElo "2583"]
[BlackElo "2455"]
[TimeControl "180+2"]
[EndTime "14:56:36 PST"]
[Termination "FelixBlohberger won by resignation"]

1. e4 e5 2. Nf3 Nc6 3. Bb5 a6 4. Ba4 Nf6 5. O-O d6 6. d4 exd4 7. Nxd4 Bd7 8. Nc3 Be7 9. Bxc6 bxc6 10. b3 c5 11. Nf5 Bxf5 12. exf5 O-O 13. Bb2 Qd7 14. Qf3 d5 15. Rad1 c6 16. Ne2 Qc7 17. Ng3 Rfe8 18. Bxf6 Bxf6 19. c4 dxc4 20. bxc4 Bd4 21.
Ne2 Rad8 22. g3 a5 23. Rd3 Qe5 24. Nxd4 cxd4 25. Qxc6 Qxf5 26. Rxd4 Rc8 27. Qb5 Qf6 28. Rf4 Qc3 29. Qb7 f6 30. Rg4 f5 31. Rf4 Qe5 32. h4 Rc7 33. Qf3 g6 34. Kg2 Rec8 35. Rc1 Kg7 36. Rc2 Rc5 37. Re2 Qf6 38. Rc2 R8c7 39. Qd3 Qc6+ 40. Kh2 Qe6 41. Qd4+ Qf6 42. Qd3 Qe6 43. Re2 Qf6 44. Re8 R5c6 45. Rd4 Re7 46. Rxe7+ Qxe7 47. Rd7 1-0

[Event "*** Titled Tuesday Blitz"]
[Site "Chess.com"]
[Date "2019.01.01"]
[Round "8"]
[White "Sunrise777"]
[Black "Zq1"]
[Result "1-0"]
[WhiteElo "2655"]
[BlackElo "2477"]
[TimeControl "180+2"]
[EndTime "14:56:37 PST"]
[Termination "Sunrise777 won by resignation"]

1. d4 Nf6 2. c4 a6 3. Nc3 c5 4. d5 b5 5. cxb5 axb5 6. Nxb5 Qa5+ 7. Nc3 Bb7 8. Bd2 Qb6 9. e4 e6 10. Bc4 Nxe4 11. Nxe4 exd5 12. Ne2 dxc4 13. Qc2 Qg6 14.
f3 Qxg2 15. O-O-O Qxf3 16. N2c3 Qd3 17. Rhe1 Bxe4 18. Nxe4 Qxc2+ 19. Kxc2 Be7 20. Bg5 f6 21. Nd6+ Kf8 22. Bf4 Nc6 23. Nf5 Re8 24. Rxd7 Nd4+ 25.
Nxd4 cxd4 26. Rexe7 Rxe7 27. Bd6 Kf7 28. Rxe7+ Kg6 29.
Re4 d3+ 30. Kc3 Rd8 31. Bf4 Kf5 32. Rxc4 g5 33. Bd2 h5 34. h3 g4 35. hxg4+ hxg4 36. Rf4+ Ke5 37. Rxg4 f5 38. Rc4 Rd5 39. Bf4+ Ke6 40. Rd4 Ra5 41. a3 Rb5 42. b4 Kf6 43.
Rd6+ Ke7 44. Kxd3 Rb7 45. Rd5 Ra7 46. Ra5 Rxa5 47. bxa5 Kd7 48. a6 Kc6 49. Be3 Kc7 50. Ba7 Kc6 51. a4 Kc7 52. Ke3 1-0

[Event "*** Titled Tuesday Blitz"]
[Site "Chess.com"]
[Date "2019.01.01"]
[Round "8"]
[White "IakovUlivar"]
[Black "andrzej"]
[Result "1/2-1/2"]
[WhiteElo "2491"]
[BlackElo "2275"]
[TimeControl "180+2"]
[EndTime "14:56:38 PST"]
[Termination "Game drawn by agreement"]

1. d4 Nf6 2. Nf3 b6 3. c4 e6 4. a3 Bb7 5. Nc3 d5 6. Qa4+ Qd7 7. Qc2 dxc4 8. Bg5 Be7 9. e3 Bxf3 10. gxf3 b5 11. f4 c6 12. Bg2 a6 13. a4 Ra7 14.
O-O O-O 15. Bxf6 Bxf6 16. Ne4 Be7 17. b3 cxb3 18. Qxb3 Rc8 19. Rfc1 Rac7 20. Rab1 Kf8 21. Rc2 Qd5 22. Qd3 Qf5 23. Rbc1 h6 24. Qb3 Nd7 25. axb5 Qxb5 26. Qa2 c5 27. dxc5 Nxc5 28. Nxc5 Rxc5 29. Rxc5 Rxc5 30. Rb1 Qd7 31. Qxa6 Qc8 32. Qxc8+ Rxc8 33. Bf3 g6 34. Rb2 Rc7 35. Kg2 h5 36. Ra2 Kg7 37. Rb2 Bf6 38. Ra2 Be7 39. Be4 Bd6 40.
Rc2 Rxc2 41. Bxc2 Kf6 42. Kf3 e5 43. fxe5+ Bxe5 44. h3 Bc3 45. Kg2 g5 46. f4 gxf4 47. exf4 Bd2 48. Kf3 Bc1 49. Be4 1/2-1/2

[Event "*** Titled Tuesday Blitz"]
[Site "Chess.com"]
[Date "2019.01.01"]
[Round "8"]
[White "Kacparov"]
[Black "Bryakin_Mikhail"]
[Result "1-0"]
[WhiteElo "2780"]
[BlackElo "2690"]
[TimeControl "180+2"]
[EndTime "14:56:39 PST"]
[Termination "Kacparov won by resignation"]

1. e4 c5 2. Nf3 Nc6 3. Nc3 e5 4.
Bc4 d6 5. d3 Be6 6. O-O Be7 7. Nd5 h6 8. a4 Nf6 9. c3 O-O 10. Be3 Kh7 11. h3 Qd7 12. Nd2 Ne8 13.
f4 f5 14. Bb5 exf4 15. Bxf4 a6 16. Bxc6 bxc6 17. Nb6 Qb7 18. Nxa8 Qxa8 19. Qe2 Qd8 20. Rae1 Rf7 21. exf5 Bxf5 22. Ne4 Bg6 23. Bg3 Rxf1+ 24. Rxf1 d5 25. Nd2 Nf6 26. Nf3 Bh5 27. Be5 Qd7 28. Qe3 Ne8 29. Bh2 Nd6 30. Ne5 Qe6 31. Nc4 Qxe3+ 32.
Nxe3 Bg6 33. Rd1 Nb7 34. Ng4 Na5 35. Ne5 Be8 36. Bf4 Nb3 37. Re1 Bh4 38. g3 Bd8 39.
Nf3 Bf7 40. Nd2 Na5 41. b4 cxb4 42. cxb4 Nb7 43. Nf3 a5 44. bxa5 Bxa5 45. Rc1 c5 46. Bd2 c4 47. Bxa5 Nxa5 48. dxc4 dxc4 49. Nd4 Bd5 50. Kf2 Kg6 51. Ke3 Kf6 52. Rb1 Ke5 53. Rb5 Nb7 54. Nc6+ Kd6 55. Rxb7 Bxc6 56. Rxg7 Bxa4 57. Kd4 Bd7 58. Rg6+ Be6 59. Rxh6 Ke7 60. Rxe6+ Kxe6 61. Kxc4 1-0

[Event "*** Titled Tuesday Blitz"]
[Site "Chess.com"]
[Date "2019.01.01"]
[Round "8"]
[White "Vuk2000"]
[Black "pultineviciuspaulius"]
[Result "1-0"]
[WhiteElo "2758"]
[BlackElo "2609"]
[TimeControl "180+2"]
[EndTime "14:56:42 PST"]
[Termination "Vuk2000 won by checkmate"]

1. e4 c6 2. d4 d5 3. Nd2 dxe4 4. Nxe4 Bf5 5. Ng3 Bg6 6. h4 h6 7. h5 Bh7 8. Nf3 Nd7 9. Bd3 Bxd3 10. Qxd3 e6 11. Bf4 Qa5+ 12. Bd2 Bb4 13. c3 Be7 14. c4 Bb4 15. Ne4 Ngf6 16. Nd6+ Ke7 17. c5 Bxd2+ 18.
Nxd2 b6 19. O-O bxc5 20. N2c4 Qc7 21. Qg3 Kf8 22. dxc5 Nxh5 23. Qf3 Nhf6 24. Rad1 Rd8 25. b4 h5 26. Rd2 h4 27. Rfd1 Rh5 28. Ne4 Rd5 29. Ncd6 Ne5 30. Qf4 Ng6 31. Qe3 Re5 32. Qf3 Nxe4 33. Nxe4 Rdd5 34. Nd6 Kg8 35. Rxd5 cxd5 36.
Nb5 Qb8 37. a4 a6 38. Nd4 Re4 39. b5 axb5 40. axb5 e5 41. Nf5 Qxb5 42. Nd6 Qxc5 43. Qxf7+ Kh7 44. Nxe4 dxe4 45. Qf5 Qc2 46.
Qh5+ Kg8 47. Rd8+ Kf7 48. Qf5+ Ke7 49. Rd7+ Ke8 50. Qf7# 1-0

[Event "*** Titled Tuesday Blitz"]
[Site "Chess.com"]
[Date "2019.01.01"]
[Round "8"]
[White "2nd_life"]
[Black "nihalsarin"]
[Result "1-0"]
[WhiteElo "2450"]
[BlackElo "2943"]
[TimeControl "180+2"]
[EndTime "14:56:48 PST"]
[Termination "2nd_life won by resignation"]

1. e4 e5 2. f4 d5 3. exd5 e4 4. d3 Nf6 5. dxe4 Nxe4 6. Nf3 Bc5 7. Qe2 Bf2+ 8. Kd1 Qxd5+ 9. Nbd2 Bf5 10. Qb5+ Qxb5 11. Bxb5+ c6 12. Bd3 Nxd2 13. Kxd2 Bxd3 14. Kxd3 Na6 15. Bd2 O-O-O+ 16. Ke2 Bb6 17. Rhe1 Rhe8+ 18. Kf1 Nc5 19. Rxe8 Rxe8 20. Re1 Ne4 21. Be3 f6 22. Bxb6 axb6 23. Rd1 Kc7 24. a4 Nd6 25. b3 Nf5 26. Kf2 Ne3 27. Re1 Ng4+ 28. Kg3 Rxe1 29. Nxe1 Ne3 30. Kf3 Nd5 31. Ke4 Kd6 32. g4 Nc3+ 33.
Kd3 Nd5 34. Ke4 g6 35. h4 Ke6 36. f5+ gxf5+ 37. gxf5+ Kd6 38. Nf3 Nb4 39. c4 Na6 40.
Nd2 Nc5+ 41. Kd4 Nd7 42. Ne4+ Ke7 43. c5 bxc5+ 44. Nxc5 Nxc5 45. Kxc5 Kd7 46. Kb6 Kc8 47. h5 Kb8 48. h6 Kc8 49. a5 Kb8 50. b4 Kc8 51. a6 bxa6 52. Kxc6 Kd8 53. Kd6 1-0

[Event "*** Titled Tuesday Blitz"]
[Site "Chess.com"]
[Date "2019.01.01"]
[Round "8"]
[White "andante"]
[Black "matiss90"]
[Result "1-0"]
[WhiteElo "2305"]
[BlackElo "2424"]
[TimeControl "180+2"]
[EndTime "14:56:49 PST"]
[Termination "andante won by checkmate"]

1. e4 c5 2. Nf3 d6 3. Nc3 Nc6 4.
d3 e5 5. Nd5 Nf6 6. c4 Nxd5 7.
cxd5 Ne7 8. Bd2 g6 9. b4 b6 10.
bxc5 bxc5 11. Qa4+ Bd7 12. Qa5 Qc8 13. Be2 Bg7 14.
Rb1 O-O 15. O-O h6 16. Rb3 f5 17. Rfb1 fxe4 18. dxe4 g5 19. Rb7 Ng6 20. Rxa7 Rxa7 21. Qxa7 Be8 22. Rb7 Rf7 23. Rxf7 Bxf7 24. a4 Nf4 25. Bf1 Qg4 26. Qb8+ Kh7 27. Bxf4 exf4 28. Qxd6 Qc8 29. Qc6 Qd8 30. d6 g4 31. Qc7 Qf8 32. Nh4 g3 33. hxg3 fxg3 34. fxg3 Be5 35. Nf5 Kh8 36.
Qxc5 Bf6 37. e5 Bg5 38. a5 Be6 39. g4 Bxf5 40. gxf5 Qxf5 41. d7 Qxd7 42. Qf8+ Kh7 43. Kh1 Be3 44. e6 Qd4 45. Qf5+ Kg7 46. g3 Qd2 47. e7 Qe1 48. e8=Q Qxg3 49. Qef7+ Kh8 50. Q5h7# 1-0

[Event "*** Titled Tuesday Blitz"]
[Site "Chess.com"]
[Date "2019.01.01"]
[Round "8"]
[White "ChessGamingPro"]
[Black "IngOscarArdila"]
[Result "0-1"]
[WhiteElo "1683"]
[BlackElo "2053"]
[TimeControl "180+2"]
[EndTime "14:56:53 PST"]
[Termination "IngOscarArdila won by resignation"]

1. e4 e5 2. Nf3 Nf6 3. Nc3 Bb4 4. Nxe5 Bxc3 5. dxc3 Nxe4 6. Qe2 d5 7. f3 Qh4+ 8.
Kd1 Qe7 9. fxe4 Qxe5 10. exd5 Qxe2+ 11. Bxe2 O-O 12. Bf4 c6 13. dxc6 Nxc6 14. Kc1 Re8 15. Bf3 Bf5 16. b3 Rac8 17. Kb2 h6 18. Rhe1 Be6 19.
Rad1 a5 20. a4 g5 21. Bg3 Kg7 22. Be5+ Nxe5 23. Rxe5 b6 24. Re2 Rc7 25. Rde1 Rec8 26. c4 Rc5 27. Rd2 Kf6 28. Kc3 g4 29. Be4 h5 30. g3 h4 31. gxh4 Rh8 32. Rf2+ Kg7 33. Bh1 Rxh4 34. Ref1 Rh3+ 35. Kb2 Rch5 36. Rg1 Rxh2 37.
Rxh2 Rxh2 38. Be4 Kf6 39. Bd5 Kg5 40. Bxe6 fxe6 41. Kc3 Kh4 42. Kd3 g3 43. Ke3 Kh3 44. Kf3 Rf2+ 45. Ke3 Rxc2 46. Kf4 Rf2+ 47. Ke3 Rf5 48.
Rh1+ Kg2 49. Rh6 e5 50. Ke4 Rg5 51. Rxb6 Kf1 52. Rf6+ Ke1 53. Rf3 g2 54. Rc3 Kd2 55.
Rf3 g1=Q 0-1

[Event "*** Titled Tuesday Blitz"]
[Site "Chess.com"]
[Date "2019.01.01"]
[Round "8"]
[White "rasmussvane"]
[Black "BogdanDeac"]
[Result "1-0"]
[WhiteElo "2730"]
[BlackElo "2741"]
[TimeControl "180+2"]
[EndTime "14:56:55 PST"]
[Termination "rasmussvane won by resignation"]

1. Nf3 d5 2. d4 e6 3. c4 c6 4. e3 Nf6 5. b3 c5 6. dxc5 Bxc5 7. Bb2 O-O 8. Nbd2 b6 9. cxd5 Nxd5 10. Qb1 Bb7 11. Bd3 h6 12. O-O Nd7 13. Rd1 Rc8 14.
Nc4 Qe7 15. a3 b5 16. Na5 Ba6 17. a4 Nc7 18. Nc6 Qe8 19. b4 Bb7 20. axb5 Bb6 21. Nxa7 Bxf3 22. Nxc8 Bxd1 23. Nd6 Qe7 24. Qxd1 Rd8 25.
Nc4 Nxb5 26. Qg4 Nf6 27. Qe2 Bc7 28. Rb1 Nd5 29. Qe1 Nxb4 30. Bf1 Nd3 31. Bxd3 Rxd3 32. Bxg7 Qh4 33. Ne5 Rd5 34. Nf3 Bxh2+ 35. Nxh2 Kxg7 36. Nf3 Qe4 37. Rb4 Qc2 38. Qa1+ Kh7 39. Nd4 Nxd4 40.
Rxd4 Rf5 41. Qf1 h5 42. Rc4 Qb2 43. Rh4 Kg7 44. Rh3 Ra5 45. Kh2 Qe5+ 46. Rg3+ Kh6 47.
f4 Qf6 48. Rh3 Kg7 49. Qf3 h4 50. Qg4+ Qg6 51. Qxh4 1-0

[Event "*** Titled Tuesday Blitz"]
[Site "Chess.com"]
[Date "2019.01.01"]
[Round "8"]
[White "tarantul1"]
[Black "guillembaches"]
[Result "1-0"]
[WhiteElo "2406"]
[BlackElo "2352"]
[TimeControl "180+2"]
[EndTime "14:56:56 PST"]
[Termination "tarantul1 won by checkmate"]

1. e4 c5 2. Nf3 d6 3. d4 cxd4 4. Nxd4 Nf6 5. Nc3 Nc6 6. g3 Bd7 7. Bg2 g6 8. Nde2 Bg7 9. O-O O-O 10. h3 Rb8 11. a4 a6 12. Be3 b5 13. axb5 axb5 14.
Nd5 Ne8 15. Ra2 e6 16. Ndc3 b4 17. Na4 b3 18. cxb3 Nb4 19. Ra1 Bb5 20. Nac3 Bd3 21. Rc1 d5 22. exd5 exd5 23. Bc5 Nd6 24. Bxb4 Bxe2 25.
Qxe2 Rxb4 26. Bxd5 Nf5 27. Rfd1 Qb8 28. Bc4 h5 29.
Nd5 Rb7 30. b4 Qa7 31. Kg2 h4 32. g4 Nd4 33. Qe3 Rd7 34. b5 Rfd8 35. b6 Qb7 36. Rxd4 Bxd4 37. Qxd4 Kh7 38. Rd1 Rd6 39. f3 Qa8 40.
Qf2 Qb7 41. Qxh4+ Kg7 42. Qg5 Qc8 43. Qe5+ f6 44. Qe7+ Kh6 45. Qe3+ Kg7 46. Qe7+ Kh6 47. Rd3 Qxc4 48. Nxf6 Qc2+ 49. Kg3 Qxd3 50. g5+ Kxg5 51. Ng4+ Kf5 52. Qe5# 1-0

[Event "*** Titled Tuesday Blitz"]
[Site "Chess.com"]
[Date "2019.01.01"]
[Round "8"]
[White "ElenaPershina"]
[Black "aquaticpineapples"]
[Result "0-1"]
[WhiteElo "1918"]
[BlackElo "2096"]
[TimeControl "180+2"]
[EndTime "14:56:56 PST"]
[Termination "aquaticpineapples won by resignation"]

1. c4 e6 2. Nc3 d5 3. cxd5 exd5 4. d4 Nf6 5. Nf3 Be7 6. e3 O-O 7. Bd3 b6 8. O-O Ba6 9. a3 Bxd3 10. Qxd3 a5 11.
Ne5 Re8 12. Bd2 Bd6 13. f4 Nfd7 14. Rf3 f6 15. Nxd7 Nxd7 16. Nxd5 Nf8 17. Nc3 c5 18.
Qc4+ Kh8 19. Nb5 cxd4 20. exd4 Rc8 21. Qd3 Bb8 22. Bc3 Qd5 23. a4 Ne6 24. Rh3 h6 25. Rf1 Nxf4 26. Rxf4 Bxf4 27. Rf3 Qe4 28. Qf1 Bb8 29. Rf2 Qh4 30. g3 Qg5 31. Qg2 Rcd8 32. Rf1 Qe3+ 33. Kh1 Qe4 34. Rf3 Qb1+ 35. Rf1 Qd3 36.
Rf2 Re6 37. Rf3 Qb1+ 38. Rf1 Qe4 39. Rf3 Rde8 40. Qf2 Qb1+ 41. Qf1 Re1 42. Bxe1 Rxe1 43. Kg2 Rxf1 44. Rxf1 Qxb2+ 45. Rf2 Qb3 46. Re2 Qxa4 47. Re8+ Kh7 48. Rxb8 Qxb5 49. h4 Qd5+ 50. Kh3 Qxd4 51.
Rb7 a4 52. Ra7 b5 0-1

[Event "*** Titled Tuesday Blitz"]
[Site "Chess.com"]
[Date "2019.01.01"]
[Round "8"]
[White "VNeimer"]
[Black "iLuusions"]
[Result "0-1"]
[WhiteElo "2397"]
[BlackElo "2566"]
[TimeControl "180+2"]
[EndTime "14:56:59 PST"]
[Termination "iLuusions won by checkmate"]

1. Nf3 Nf6 2. c4 e6 3. g3 d5 4. Bg2 dxc4 5. Qa4+ Bd7 6. Qxc4 c5 7. O-O Bc6 8. Qc2 Nbd7 9. Nc3 Be7 10. d3 O-O 11. a4 b6 12. b3 Rc8 13. Bb2 Qc7 14. Rfc1 Qb7 15. Qd2 Rfd8 16. h4 Nd5 17. h5 h6 18.
a5 Bf6 19. axb6 axb6 20. Ne1 Nxc3 21. Bxc3 Bxc3 22. Qxc3 Nf6 23. Qc4 Nxh5 24. Bxc6 Qxc6 25. b4 Qd6 26. Ra6 Qd7 27. Rb1 b5 28. Qh4 Nf6 29.
bxc5 Rxc5 30. Rb6 Nd5 31. R6xb5 g5 32. Qxh6 Rxb5 33. Qxg5+ Kh7 34. Rxb5 Qxb5 35. Qxd8 Qb1 36. Kf1 Qd1 37. Qh4+ Kg7 38. Qd4+ Kg8 39. e4 Qg4 40. Qe5 Ne7 41. f3 Qh3+ 42. Ng2 Ng6 43. Qg5 Qh1+ 44. Kf2 Qd1 45. Qe3 Ne5 46. Qg5+ Ng6 47. Qe3 Ne5 48. Nf4 Qc2+ 49. Qe2 Qc5+ 50. Kg2 Qc3 51. Qd1 Nc6 52.
Ne2 Qb2 53. d4 Nb4 54. d5 exd5 55. exd5 Nc2 56. Kg1 Qb6+ 57. Kh2 Qf2+ 58. Kh3 Ne3 59. Qd3 Qxf3 60. Nf4 Qh1# 0-1

[Event "*** Titled Tuesday Blitz"]
[Site "Chess.com"]
[Date "2019.01.01"]
[Round "8"]
[White "Rakhmanov_Aleksandr"]
[Black "KenanGarayev"]
[Result "1/2-1/2"]
[WhiteElo "2831"]
[BlackElo "2856"]
[TimeControl "180+2"]
[EndTime "14:57:01 PST"]
[Termination "Game drawn by repetition"]

1. c4 e5 2. Nf3 e4 3. Nd4 Nf6 4. Nc3 Nc6 5. Nxc6 dxc6 6. e3 Bf5 7. Qb3 b6 8. Qc2 Qd7 9. b3 h5 10. h3 h4 11. Bb2 O-O-O 12. a3 a5 13. Ne2 Kb7 14. Nd4 c5 15. Nxf5 Qxf5 16. Bc3 Bd6 17. Qb2 Rhe8 18. Be2 Be5 19. b4 Bxc3 20. Qxc3 axb4 21.
axb4 Qe5 22. Qxe5 Rxe5 23. f4 Ree8 24. bxc5 bxc5 25. Rg1 Ra8 26. Rb1+ Kc6 27. g4 hxg3 28. Rxg3 g6 29. Rg5 Nh7 30. Rg1 Nf6 31. h4 Rh8 32. Rh1 Rh6 33. Kf2 Rd8 34. Rb2 Rdh8 35.
Kg3 Nh5+ 36. Bxh5 Rxh5 37. Ra2 Rb8 38. Ra6+ Rb6 39. Ra8 Rb4 40. Rc1 Rb2 41. Rd8 Rf5 42. Ra1 Rc2 43. Ra6+ Kb7 44. Raa8 Rxd2 45. Rxd2 Kxa8 46.
Rd7 Kb7 47. Re7 Kc6 48. Kg4 Kd6 49. Rxe4 Kd7 50. Kg3 f6 51. Kh3 Rh5 52. Kg3 c6 53.
Kh3 Rf5 54. Kg3 Rh5 55. Kh3 Rf5 56. Kg3 Rh5 57. Kh3 Rf5 1/2-1/2

[Event "*** Titled Tuesday Blitz"]
[Site "Chess.com"]
[Date "2019.01.01"]
[Round "8"]
[White "Bad4life"]
[Black "Anar_Aliakbarov"]
[Result "1-0"]
[WhiteElo "2360"]
[BlackElo "2452"]
[TimeControl "180+2"]
[EndTime "14:57:05 PST"]
[Termination "Bad4life won by resignation"]

1. e4 c5 2. Nf3 e6 3. d4 cxd4 4. Nxd4 Nc6 5. Nc3 d6 6. Be2 Nf6 7. Be3 Be7 8. O-O O-O 9. Kh1 Bd7 10. Qe1 Nxd4 11. Bxd4 Bc6 12. Bd3 e5 13. Be3 d5 14.
exd5 Nxd5 15. Nxd5 Qxd5 16. f3 f5 17. Qe2 Kh8 18.
Bc4 Qa5 19. a3 a6 20. b4 Qc7 21. Bb3 Bf6 22. Bc5 Rfe8 23. Rad1 e4 24. Bd6 Qb6 25.
fxe4 Bxe4 26. c4 Rad8 27. c5 Qc6 28. Qa2 h5 29. Bf7 h4 30. Bxe8 Rxe8 31. Qe2 Kg8 32.
Qc4+ Kh7 33. Qe2 Kg6 34. h3 Bg5 35. Bf4 Bf6 36. Rd6 Qa4 37. Bc1 Qb3 38. Kg1 Qc3 39. Bb2 Qg3 40. Bxf6 gxf6 41. Qb2 Re5 42. Rf2 Bd3 43.
Qd2 Re3 44. Qc3 Kh5 45. Rxf6 Be4 46. Qd2 Bxg2 47. R2xf5+ 1-0